AoeStats
← leyleyshow

Nomad

510009652Analyzed
3v3 RM · 3d ago on Sep 29, 2026· 44m 0s· 6 players
Game mode
Random Map
Map size
210×210
Population
200
Speed
Normal
Resources
Standard
Victory
Conquest
Starting age
Dark Age
Ending age
Imperial Age
RankedLock teamsTeams togetherTeam positionsShared explorationLock speedFull tech treeHidden civsTurbo modeCheats
Victory
Defeat
🇩🇴 Goths · Dominican Republic
991
+16
🇩🇴 Persians · Dominican Republic
975
+17
🇩🇴 Georgians · Dominican Republic
947
+18
🇧🇷 Teutons · Brazil
1011
-17
🇧🇷 Maya · Brazil
1007
-18
🇧🇷 Magyars · Brazil
959
-16
BRUCEWILLY
4:35 Loom
20:12 Feudal Age
27:12 Town Watch
28:03 Wheelbarrow
28:15 Padded Archer Armor
28:06 Fletching
32:59 Castle Age
Overlaser
3:30 Loom
17:07 Feudal Age
18:10 Man-at-Arms
23:25 Castle Age
23:22 Fletching
26:13 Gold Mining
36:07 Anarchy
38:58 Wheelbarrow
38:08 Town Watch
38:56 Forging
38:46 Scale Mail Armor
39:56 Squires
40:01 Scale Mail Armor
TruenoG7
3:46 Loom
14:33 Feudal Age
14:58 Double-Bit Axe
15:51 Wheelbarrow
15:51 Fishing Lines
16:07 Town Watch
19:21 Forging
20:21 Forging
20:17 Scale Barding Armor
20:07 Horse Collar
21:33 Bloodlines
22:33 Gold Mining
22:35 Stone Mining
28:20 Castle Age
26:31 Fletching
29:04 Bow Saw
29:10 Hand Cart
28:59 Heavy Plow
28:43 Light Cavalry
29:25 Husbandry
29:22 Gillnets
31:16 Iron Casting
31:03 Chain Barding Armor
31:34 Gold Shaft Mining
31:35 Stone Shaft Mining
33:48 Murder Holes
34:03 Masonry
36:39 Bodkin Arrow
37:28 Town Patrol
44:14 Imperial Age
jão
16:18 Feudal Age
16:44 Horse Collar
17:19 Double-Bit Axe
23:10 Bloodlines
24:34 Scale Barding Armor
25:27 Wheelbarrow
31:02 Castle Age
32:27 Gold Mining
33:23 Husbandry
35:25 Hand Cart
35:44 Chain Barding Armor
39:40 Demolition Ship
leyleyshow
12:34 Loom
15:33 Feudal Age
19:51 Double-Bit Axe
23:01 Castle Age
24:25 Bow Saw
24:05 Horse Collar
25:54 Fletching
26:05 Scale Mail Armor
40:25 Bodkin Arrow
40:55 Ballistics
43:28 Padded Archer Armor
FIFI
7:50 Loom
15:44 Feudal Age
16:21 Man-at-Arms
36:07 Castle Age
34:54 Forging
34:45 Scale Mail Armor
Connection lost

Rejoining the realm…

Still unreachable

The connection could not be restored.

Session expired

The server has moved on; the page needs a fresh start.